General information
- name: BNet
- type: Ladder 1vs1/FFA
- host: Battle.net
- saver: timg4strok
map: TurtleRock
- players: 2
- length: 11:29
- speed: Fast
- version: 1.21 W3XP
- replay type:

» download(51 KB)
Players
team 1 (loser)
MforPREZ (
pink | 161 APM | 1848 actions | 11:28)
3 Demon Hunter
2 Mana Burn
1 Evasion
2 Beastmaster
1 Summon Quilbeast
1 Summon Bear
1 Goblin Tinker
1 Pocket Factory
» actions
| Assign group hotkey | 30 | |
| Basic commands | 34 | |
| Build / train | 47 | |
| Enter build submenu | 14 | |
| Enter hero's abilities submenu | 6 | |
| Remove unit from queue | 2 | |
| Right click | 789 | |
| Select / deselect | 361 | |
| Select group hotkey | 501 | |
| Use ability | 64 | |
1848 total
» units
| Wisp | 17 | |
| Archer | 3 | |
| Hippogryph | 2 | |
| Druid of the Talon | 6 | |
28 total
» upgrades
| Druid of the Talon Training | 1 | |
1 total
» buildings
| Altar of Elders | 1 | |
| Moon Well | 4 | |
| Ancient of War | 1 | |
| Tree of Ages | 1 | |
| Tree of Eternity | 2 | |
| Ancient of Wind | 3 | |
| Ancient of Wonders | 2 | |
14 total
» build order
00:07 Altar of Elders
00:19 Moon Well
00:22 Ancient of War
01:35 Moon Well
02:40 Tree of Ages
03:16 Moon Well
05:46 Tree of Eternity
05:46 Tree of Eternity
05:48 Ancient of Wind
05:50 Ancient of Wind
07:24 Ancient of Wind
07:27 Ancient of Wonders
07:32 Moon Well
10:23 Ancient of Wonders
» items
team 2 (winner)

»
timg4strok (
teal | 145 APM | 1664 actions | 11:29)
4 Far Seer
2 Feral Spirit
2 Chain Lighting
2 Tauren Chieftain
1 Shockwave
1 Endurance Aura
» actions
| Assign group hotkey | 21 | |
| Basic commands | 40 | |
| Build / train | 44 | |
| ESC pressed | 2 | |
| Enter build submenu | 11 | |
| Enter hero's abilities submenu | 6 | |
| Right click | 811 | |
| Select / deselect | 126 | |
| Select group hotkey | 550 | |
| Use ability | 53 | |
1664 total
» units
| Peon | 7 | |
| Grunt | 8 | |
| Raider | 5 | |
| Spirit Walker | 2 | |
22 total
» upgrades
| Berserker Strength | 1 | |
| Pillage | 1 | |
| Spirit Walker Training | 1 | |
| Ensnare | 1 | |
4 total
» buildings
| Altar of Storms | 1 | |
| Orc Burrow | 5 | |
| Barracks | 1 | |
| Stronghold | 1 | |
| Voodoo Lounge | 1 | |
| Spirit Lodge | 1 | |
| Beastiary | 1 | |
11 total
» build order
00:06 Altar of Storms
00:12 Orc Burrow
00:37 Barracks
01:29 Orc Burrow
02:45 Stronghold
03:04 Voodoo Lounge
03:51 Orc Burrow
05:13 Spirit Lodge
05:56 Beastiary
08:00 Orc Burrow
08:24 Orc Burrow
» items
| Healing Salve | 4 | |
| Lesser Clarity Potion | 3 | |
| Scroll of Town Portal | 1 | |
8 total
Chat log
(11:25 / All) MforPREZ: gg
(11:26 / All) timg4strok: gg